 Dungeon Crawl Stone Soup version 0.32-a0-48-g56a75c7 (webtiles) character file.

Game seed: 13604713158855197032

352 edsrzf the Conjurer (level 6, 0/36 HPs)
             Began as an Octopode Hedge Wizard on Jan 13, 2024.
             Was an Initiate of Cheibriados.
             Incinerated by a bombardier beetle (6 damage)
             ... with a burning spray
             ... on level 4 of the Dungeon on Feb 4, 2024.
             The game lasted 00:09:29 (3305 turns).

edsrzf the Conjurer (Octopode Hedge Wizard)         Turns: 3305, Time: 00:09:29

Health: 0/36       AC:  1    Str: 11    XL:     6   Next: 62%
Magic:  11/11      EV: 13    Int: 19    God:    Cheibriados [......]
Gold:   389        SH:  0    Dex: 12    Spells: 7/11 levels left

rFire   . . .        a - +3 dagger (elec)
rCold   . . .        (no shield)
rNeg    . . .        b - +0 hat
rPois   .            i - amulet of magic regeneration
rElec   .            (no ring)
rCorr   .            (no ring)
SInv    .            (no ring)
Will    +....        (no ring)
Stlth   +            (no ring)
HPRegen 0.26/turn    (no ring)
MPRegen 0.52/turn    (no ring)
                     (no ring)

%: no passive effects
@: on fire, enlightened, flying, glowing, very slow
A: almost no armour, amphibious, 8 rings, camouflage 1, gelatinous body 1,
(nimble swimmer 1), tentacles
a: Renounce Religion


You were on level 4 of the Dungeon.
You worshipped Cheibriados.
Cheibriados was noncommittal.
You visited 1 branch of the dungeon, and saw 4 of its levels.
You also visited: Ossuary.

You collected 389 gold pieces.

Inventory:

Hand Weapons
 a - a +3 dagger of electrocution (weapon)
Armour
 b - a +0 hat (worn)
Jewellery
 i - an amulet of magic regeneration (around mantle)
 k - a ring of fire
Wands
 r - a wand of acid (10)
 s - a wand of paralysis (8)
Scrolls
 f - a scroll of enchant weapon
 g - a scroll of vulnerability {unknown}
 n - a scroll of enchant armour {unknown}
 p - a scroll of teleportation {@r3}
 u - a scroll of brand weapon {unknown}
 w - 2 scrolls of immolation {unknown}
 x - a scroll of identify {@r1}
 y - a scroll of fog {unknown}
 z - a scroll of revelation {unknown}
Potions
 c - a potion of magic
 e - a potion of invisibility
 l - a potion of ambrosia {unknown}
 m - a potion of mutation {!q}
 o - a potion of enlightenment
 q - a potion of degeneration {unknown}
 t - a potion of might {unknown}
 v - 2 potions of attraction {unknown}


   Skills:
 - Level 2.0 Dodging
 - Level 2.6 Stealth
 + Level 3.3 Spellcasting
 - Level 6.0 Conjurations
 - Level 1.0 Summonings
 - Level 1.0 Translocations
 + Level 1.5 Alchemy


You had 7 spell levels left.
You knew the following spells:

 Your Spells              Type           Power      Damage    Failure   Level
C - Mephitic Cloud        Conj/Alch/Air  12%        N/A       16%         3
X - Magic Dart            Conj           100%       1d8       1%          1

Your spell library contained the following spells:

 Spells                   Type           Power      Damage    Failure   Level
 Slow                     Hex            12%        N/A       14%         1
 Blink                    Tloc           14%        N/A       14%         2
 Call Imp                 Summ           14%        N/A       14%         2
 Cigotuvi's Dreadful Rot  Necr/Alch/Air  10%        N/A       19%         2


Dungeon Overview and Level Annotations

Branches:
Dungeon (4/15)            Ossuary (visited)
 Temple: D:4-7

Altars:
Ashenzari
Cheibriados


Innate Abilities, Weirdness & Mutations

You cannot wear most types of armour.
You are amphibious.
You can wear up to eight rings at the same time.
Your skin changes colour to match your surroundings (Stealth+).
Your rubbery body absorbs attacks. (AC +1, EV +1)
((You are camouflaged when in or above water. (Stealth+)))
You have tentacles for arms and can constrict up to eight enemies at once.


Message History

The kobold throws a stone.
The stone closely misses you.
Casting: Magic Dart (safe; 1% risk of failure)
Confirm with . or Enter, or press ? or * to list all spells.
The magic dart hits the kobold.
You kill the kobold!
Cheibriados appreciates the change of pace.
No target in view!
Magic restored.
There is a large open door here.
You enter the deep water.
Things that are here:
a +0 short sword; 2 stones; a kobold corpse
Things that are here:
a +0 short sword; 2 stones; a kobold corpse
There is a large open door here.
There is an open door here.
There is a stone staircase leading up here.
A bombardier beetle comes into view.
The bombardier beetle misses you.
You barely miss the bombardier beetle. You grab the bombardier beetle.
You constrict the bombardier beetle, but do no damage.
The bombardier beetle sprays incendiary fluid at you.
The burning spray hits you.
You are covered in liquid fire!
You hit the bombardier beetle.
The bombardier beetle is lightly wounded.
The liquid fire burns you!
You constrict the bombardier beetle.
You completely miss the bombardier beetle.
The bombardier beetle is lightly wounded.
The liquid fire burns you!
You constrict the bombardier beetle, but do no damage.
The bombardier beetle bites you.
You hit the bombardier beetle. You squeeze the bombardier beetle.
The bombardier beetle is heavily wounded.
The liquid fire burns you!
You constrict the bombardier beetle. The bombardier beetle bites you.
You hit the bombardier beetle.
The bombardier beetle is severely wounded.
The liquid fire burns you!
You constrict the bombardier beetle, but do no damage.
You completely miss the bombardier beetle.
The bombardier beetle is severely wounded.
The liquid fire burns you!
* * * LOW HITPOINT WARNING * * *
You constrict the bombardier beetle.
The bombardier beetle sprays incendiary fluid at you.
The burning spray hits you.
You are even more covered in liquid fire!
You hit the bombardier beetle but do no damage.
You squeeze the bombardier beetle.
You kill the bombardier beetle!
The liquid fire burns you!
* * * LOW HITPOINT WARNING * * *
You feel better. The liquid fire burns you! The liquid fire burns you!
* * * LOW HITPOINT WARNING * * *
You feel better. The liquid fire burns you!
You drop 2 potions of haste.
The liquid fire burns you!
* * * LOW HITPOINT WARNING * * *
The liquid fire burns you!
* * * LOW HITPOINT WARNING * * *
You feel better. The liquid fire burns you!
* * * LOW HITPOINT WARNING * * *
You feel better. The liquid fire burns you!
You are on fire!
The liquid fire burns you!
* * * LOW HITPOINT WARNING * * *
It was a potion of heal wounds.
You feel much better. The liquid fire burns you!
You are on fire!
The liquid fire burns you! The liquid fire burns you!
The liquid fire burns you! The liquid fire burns you!
The liquid fire burns you! The liquid fire burns you!
* * * LOW HITPOINT WARNING * * *
You feel much better. The liquid fire burns you!
You are on fire!
The liquid fire burns you! The liquid fire burns you!
The liquid fire burns you! The liquid fire burns you!
The liquid fire burns you!
* * * LOW HITPOINT WARNING * * *
Okay, then.
The liquid fire burns you!
* * * LOW HITPOINT WARNING * * *
It was a potion of enlightenment.
You feel very buoyant.
You fly up into the air.
The liquid fire burns you!
You die...

.........................#.#.##..
........##.......................
.###.............#.......#.#.##.#
.###)#..##......................#
≈.P♣♣♣P.≈~................. ## ≈.
....≈~....##.####.##### #≈ PP
♣.♣♣.P...#.##.####.######. #≈
.♣♣P.P P..#................ #≈
.♣... P♣.♣......@............ #≈
P... ....♣..#.#######.#.#### ###
.♣P. .P♣.♣..#.# #..#.# #####.#
.♣♣P..♣♣..#.#.# #..#.###......
.P♣♣.♣♣PP.#.#.######..<.#....##.#
†P..P...~≈#.#.....##.##.#....##..
~.P♣♣♣..~≈#.......'.....'....##.#
..................##.##.#....##.#
.#.#..............##.##.#######.#


There were no monsters in sight!

Vanquished Creatures
  An ogre (D:4)
  A bombardier beetle (D:4)
  A sleepcap (D:4)
  Terence (D:2)
  2 hound zombies (Ossuary)
  4 mummies (Ossuary)
  4 adders
  A ribbon worm (D:2)
  4 dart slugs
  An orc (D:2)
  3 ball pythons
  5 bats
  6 endoplasms
  3 giant cockroaches
  10 hobgoblins
  3 quokkas
  2 frilled lizards (D:3)
  A gnoll zombie (Ossuary)
  4 goblins
  A goblin zombie (Ossuary)
  A hobgoblin zombie (Ossuary)
  A jackal zombie (Ossuary)
  3 kobolds
  2 kobold zombies (Ossuary)
  3 orc zombies (Ossuary)
  2 rats
  A rat zombie (Ossuary)
71 creatures vanquished.

Notes
Turn   | Place    | Note
-------+----------+-------------------------------------------
     0 | D:1      | edsrzf the Octopode Hedge Wizard began the quest for the
                  | Orb.
     0 | D:1      | Reached XP level 1. HP: 11/11 MP: 4/4
   174 | D:1      | Reached skill level 2 in Conjurations
   174 | D:1      | Reached XP level 2. HP: 17/17 MP: 0/6
   287 | D:1      | Upgraded the game from 0.32-a0-8-g414e8e9 to
                  | 0.32-a0-13-gbaedc58
   287 | D:1      | Upgraded the game from 0.32-a0-13-gbaedc58 to
                  | 0.32-a0-42-ga30500b
   287 | D:1      | Upgraded the game from 0.32-a0-42-ga30500b to
                  | 0.32-a0-48-g56a75c7
   861 | D:2      | Reached skill level 3 in Conjurations
   861 | D:2      | Reached XP level 3. HP: 21/21 MP: 4/7
  1057 | D:2      | Noticed Terence
  1321 | D:2      | Reached XP level 4. HP: 26/27 MP: 4/8
  1751 | D:2      | Killed Terence
  1752 | D:2      | Reached skill level 4 in Conjurations
  1811 | D:2      | Found a faded altar of an unknown god.
  2284 | D:3      | Reached XP level 5. HP: 31/31 MP: 6/9
  2541 | D:4      | Identified 2 scrolls of enchant weapon
  2542 | D:4      | Identified 2 scrolls of identify
  2542 | D:4      | Identified 2 potions of haste
  2543 | D:4      | Identified 2 potions of curing
  2544 | D:4      | Identified 2 scrolls of teleportation
  2615 | D:4      | Noticed an ogre
  2630 | D:4      | Killed an ogre
  2631 | D:4      | Reached skill level 5 in Conjurations
  2640 | D:4      | Found a broken altar of Ashenzari.
  2679 | D:4      | Found a sand-covered staircase.
  2700 | Ossuary  | Entered an ossuary
  2716 | Ossuary  | Reached XP level 6. HP: 31/36 MP: 10/10
  2760 | Ossuary  | Reached skill level 6 in Conjurations
  2908 | Ossuary  | Learned a level 3 spell: Mephitic Cloud
  2948 | Ossuary  | Identified a potion of invisibility
  2949 | Ossuary  | Identified a potion of mutation
  3007 | D:4      | Reached skill level 1 in Alchemy
  3077 | D:4      | Found a snail-covered altar of Cheibriados.
  3081 | D:4      | Became a worshipper of Cheibriados the Contemplative
  3291 | D:4      | Identified 2 potions of heal wounds
  3305 | D:4      | Identified 2 potions of enlightenment
  3305 | D:4      | Incinerated by a bombardier beetle

Illustrated notes

Levels and vault maps discovered:
D:1:      ebering_hopf_link, layout_loops_cross, serial_bayou_pond_d,
          nicolae_twisty_statue_hallways
D:2:      layout_basic, shapermc_ecumenical_altar_mp_vishouse,
          nrook_loot_triangle, uniq_terence
D:3:      layout_basic
D:4:      layout_basic, ashenzari_altar_1, mainiacjoe_overflow_24_doors,
          nicolae_elyvilon_peaceful_grove, nicolae_ossuary_entry_monument,
          kennysheep_cluttered_room, roderic_roman_lattice,
          kennysheep_generic_room_3

Skill      XL: |  1  2  3  4  5  6 |
---------------+-------------------+-----
Conjurations   | 2 3 4 5 6 |  6.0
Alchemy        | 1 |  1.5
Dodging        | |  2.0
Stealth        | |  2.6
Spellcasting   | |  3.3
Summonings     | |  1.0
Translocations | |  1.0

Action                     |  1- 3 |  4- 6 || total
---------------------------+-------+-------++-------
  Melee: Dagger            |    10 |    55 ||    65
         Constrict         |     4 |    16 ||    20
         Tentacles         |     4 |    11 ||    15
         Punch             |       |     1 ||     1
   Cast: Magic Dart        |    81 |    72 ||   153
  Evoke: Wand              |       |     1 ||     1
    Use: Scroll            |       |     6 ||     6
         Potion            |       |     7 ||     7
   Stab: Sleeping          |     1 |     2 ||     3
         Paralysed         |       |     2 ||     2
 Armour: Skin              |    10 |    22 ||    32
  Dodge: Dodged            |    15 |    37 ||    52

Table legend: (Time is in decaauts)
 A = Elapsed time spent in this place.
 B = Non-inter-level travel time spent in this place.
 C = Inter-level travel time spent in this place.
 D = Time resting spent in this place.
 E = Time spent auto-exploring this place.
 F = Levels seen in this place.
 G = Mean time per level.
                   A        B        C        D        E       F      G
               +--------+--------+--------+--------+--------+-----+--------+
         Total |   3354 |   3230 |    124 |    287 |   2245 |   5 |  670.8 |
       Dungeon |   3059 |   2935 |    124 |    192 |   2163 |   4 |  764.8 |
       Ossuary |    294 |    294 |      0 |     95 |     82 |   1 |  294.0 |
               +--------+--------+--------+--------+--------+-----+--------+

Top non-repeatable levels by time:
     D:2: 1008 daAuts
     D:1: 873 daAuts
     D:4: 621 daAuts
     D:3: 556 daAuts
 Ossuary: 294 daAuts
